AoeStats
← superkiller

Arena

509307472Analyzed
4v4 RM · 5d ago on Sep 26, 2026· 57m 42s· 8 players
Game mode
Random Map
Map size
Large (8 player)
Population
200
Speed
Normal
Resources
Standard
Victory
Conquest
Starting age
Dark Age
Ending age
Imperial Age
RankedLock teamsTeams togetherTeam positionsShared explorationLock speedFull tech treeHidden civsTurbo modeCheats
Victory
Defeat
🇨🇳 Goths · China
719
+16
🇨🇳 Inca · China
712
+16
🇭🇰 Hindustanis · Hong Kong SAR China
669
+18
🇨🇳 Mongols · China
658
+18
🇨🇳 Chinese · China
812
-26
🇨🇳 Bohemians · China
753
-19
🇫🇷 Turks · France
683
-16
🇩🇪 Danes · Germany
581
-12
干死6P
0:29 Loom
13:18 Feudal Age
19:16 Castle Age
28:14 Imperial Age
25:51 Double-Bit Axe
25:47 Horse Collar
26:01 Gold Mining
27:18 Bow Saw
27:12 Heavy Plow
28:18 Husbandry
28:29 Bloodlines
28:46 Grand Trunk Road
29:28 Conscription
28:39 Heavy Camel Rider
30:23 Imperial Camel Rider
32:13 Scale Barding Armor
33:43 Forging
35:24 Iron Casting
36:01 Chain Barding Armor
36:20 Gold Shaft Mining
38:02 Wheelbarrow
37:12 Town Watch
38:30 Plate Barding Armor
39:01 Blast Furnace
40:36 Hand Cart
44:50 Caravan
45:20 Coinage
47:09 Elite Ghulam
48:33 Ballistics
49:13 Chemistry
48:19 Siege Engineers
51:28 Two-Man Saw
51:26 Stone Mining
52:46 Scale Mail Armor
52:37 Fletching
52:48 Padded Archer Armor
53:13 Masonry
56:08 Chain Mail Armor
56:10 Leather Archer Armor
55:50 Bodkin Arrow
LLHKHAIHDIUA
8:43 Feudal Age
9:24 Double-Bit Axe
9:47 Horse Collar
16:15 Castle Age
17:33 Bow Saw
22:26 Wheelbarrow
25:09 Hand Cart
25:06 Stone Mining
25:33 Loom
26:29 Loom
26:53 Gold Mining
27:57 Stone Shaft Mining
30:14 Imperial Age
28:09 Fletching
28:19 Padded Archer Armor
29:20 Gold Shaft Mining
29:03 Bodkin Arrow
29:48 Leather Archer Armor
29:48 Fortified Wall
30:42 Capped Ram
31:59 Bracer
32:22 Siege Ram
34:26 Conscription
34:36 Nomads
35:19 Elite Mangudai
36:33 Forging
38:09 Ballistics
37:58 Scale Barding Armor
40:57 Parthian Tactics
42:36 Chemistry
41:39 Scale Mail Armor
48:12 Masonry
48:08 Siege Engineers
51:45 Onager
53:56 Husbandry
54:07 Bloodlines
54:10 Siege Onager
chenhandong
5:01 Loom
13:32 Feudal Age
superkiller
10:05 Feudal Age
10:31 Loom
12:42 Horse Collar
13:57 Double-Bit Axe
16:19 Wheelbarrow
23:16 Castle Age
22:13 Gold Mining
22:16 Stone Mining
22:06 Champi Runner
24:26 Squires
23:48 Pikeman
29:06 Bow Saw
29:42 Heavy Plow
30:47 Andean Sling
35:14 Hand Cart
34:45 Town Watch
35:29 Champi Warrior
35:59 Arson
36:45 Fletching
36:56 Padded Archer Armor
37:07 Forging
36:57 Scale Mail Armor
37:34 Caravan
38:22 Gold Shaft Mining
38:25 Stone Shaft Mining
38:17 Fortified Wall
39:19 Leather Archer Armor
38:59 Bodkin Arrow
39:40 Iron Casting
42:45 Chain Mail Armor
49:07 Imperial Age
47:48 Town Patrol
49:57 Ballistics
51:10 Blast Furnace
50:41 Plate Mail Armor
50:42 Ring Archer Armor
50:12 Bracer
50:45 Halberdier
52:52 Crop Rotation
52:32 Elite Champi Warrior
54:24 Thumb Ring
53:50 Elite Skirmisher
urmel_oeb
0:33 Loom
11:17 Feudal Age
11:43 Town Watch
11:48 Double-Bit Axe
11:46 Horse Collar
18:48 Wheelbarrow
23:14 Castle Age
21:17 Man-at-Arms
21:43 Arson
22:29 Gold Mining
22:52 Stone Mining
24:00 Heavy Plow
24:14 Bow Saw
25:57 Squires
28:06 Gambesons
27:42 Pikeman
28:42 Fletching
29:01 Long Swordsman
34:25 Imperial Age
32:12 Padded Archer Armor
33:17 Forging
33:09 Scale Mail Armor
33:17 Scale Barding Armor
34:11 Hand Cart
35:28 Conscription
34:32 Hamask
35:59 Leather Archer Armor
37:09 Two-Handed Swordsman
37:28 Halberdier
39:40 Iron Casting
39:22 Chain Mail Armor
39:27 Halberdier
39:36 Elite Skirmisher
alexisben78
0:41 Loom
11:34 Feudal Age
12:05 Double-Bit Axe
20:46 Castle Age
18:17 Man-at-Arms
19:25 Fletching
20:01 Stone Mining
22:25 Gold Mining
23:39 Forging
25:12 Bloodlines
24:56 Long Swordsman
27:50 Bow Saw
30:39 Squires
31:44 Murder Holes
34:28 Imperial Age
32:17 Husbandry
32:22 Scale Mail Armor
33:21 Scale Barding Armor
33:22 Padded Archer Armor
33:41 Arson
35:10 Gold Shaft Mining
34:47 Bodkin Arrow
35:10 Cavalier
39:36 Ballistics
chentao_1209
7:50 Loom
11:00 Feudal Age
15:47 Castle Age
13:57 Double-Bit Axe
14:08 Horse Collar
16:37 Bow Saw
19:45 Wheelbarrow
24:11 Ballistics
24:18 Ballistics
28:07 Chemistry
31:30 Imperial Age
29:10 Pikeman
30:08 Fortified Wall
30:37 Scale Mail Armor
30:48 Forging
30:53 Squires
30:38 Arson
31:41 Chain Mail Armor
33:34 Conscription
33:38 Heavy Plow
34:29 Hand Cart
35:28 Iron Casting
35:23 Plate Mail Armor
35:19 Fletching
35:30 Padded Archer Armor
35:19 Halberdier
37:02 Elite Hussite Wagon
43:26 Elite Skirmisher
45:34 Wagenburg Tactics
51:48 Houfnice
gysrj777098
13:11 Loom
18:23 Feudal Age
19:26 Horse Collar
19:34 Double-Bit Axe
19:48 Town Watch
20:38 Wheelbarrow
22:40 Gold Mining
23:14 Arson
22:50 Man-at-Arms
27:54 Fletching
28:05 Padded Archer Armor
28:10 Scale Barding Armor
28:06 Scale Mail Armor
28:16 Forging
33:34 Castle Age
34:21 Town Patrol
34:37 Hand Cart
35:16 Bow Saw
35:47 Gold Shaft Mining
35:02 Stone Mining
35:24 Heavy Plow
35:31 Elite Skirmisher
35:32 Crossbowman
Connection lost

Rejoining the realm…

Still unreachable

The connection could not be restored.

Session expired

The server has moved on; the page needs a fresh start.